 Dungeon Crawl Stone Soup version 0.32-a0-818-gb728d0252e (webtiles) character file.

Game seed: 11207295054967231420

96 Alarak the Poker (level 4, -2/33 HPs)
             Began as a Merfolk Gladiator on Mar 25, 2024.
             Frozen to death by an endoplasm (3 damage)
             ... on level 3 of the Dungeon.
             The game lasted 00:06:29 (2325 turns).

Alarak the Poker (Merfolk Gladiator)                Turns: 2325, Time: 00:06:31

Health: -2/33      AC:  9    Str: 21 (22) XL:     4   Next: 67%
Magic:  4/4        EV: 14    Int:  4 (7)  God:
Gold:   137        SH:  0    Dex: 13 (15) Spells: 3/3 levels left

rFire   + . .        a - +0 trident
rCold   . . .        (no shield)
rNeg    . . .        j - +0 scale mail
rPois   .            c - +0 helmet
rElec   .            m - +1 cloak of Starlight {*Dazzle EV+4 Stlth--}
rCorr   .            (no gloves)
SInv    .            (no boots)
Will    .....        (no amulet) Stlth
                     f - +6 ring of strength
HPRegen 0.25/turn    i - ring of protection from fire
MPRegen 0.09/turn

%: no passive effects
@: confused, mighty, weak-willed, ambrosia-drunk, attractive
A: (nimble swimmer 2), mertail
a: no special abilities


You were on level 3 of the Dungeon.
You visited 1 branch of the dungeon, and saw 3 of its levels.

You collected 137 gold pieces.

Inventory:

Hand Weapons
 a - a +0 trident (weapon)
Missiles
 d - 3 throwing nets (quivered)
 e - a javelin
Armour
 b - a +0 leather armour
 c - a +0 helmet (worn)
 j - a +0 scale mail (worn)
 m - the +1 cloak of Starlight (worn) {*Dazzle EV+4 Stlth--}
   (You found it on level 3 of the Dungeon)

   *Dazzle:   It may blind those who miss an attack against the wearer in melee
   combat.
   EV+4:      It affects your evasion (+4).
   Stlth--:   It makes you much less stealthy.
Jewellery
 f - a +6 ring of strength (left hand)
 i - a ring of protection from fire (right hand)
Scrolls
 g - a scroll of vulnerability
 h - a scroll of amnesia
 k - a scroll of identify {unknown}
 l - a scroll of revelation {unknown}
 o - 2 scrolls of teleportation {unknown}
 p - a scroll of enchant armour {unknown}
 q - a scroll of blinking {unknown}
 r - a scroll of enchant weapon {unknown}
 s - a scroll of poison {unknown}
 t - 3 scrolls of torment {unknown}
Potions
 x - a potion of curing {unknown}


   Skills:
 - Level 2.1 Fighting
 + Level 7.0 Polearms
 - Level 2.0 Throwing
 - Level 4.0 Dodging


You had 3 spell levels left.
You didn't know any spells.
Your spell library contained the following spells:

 Spells                   Type           Power      Damage    Failure   Level
 Kiss of Death            Conj/Necr      0%         2d5       86%         1
 Confusing Touch          Hex            0%         N/A       99%         3
 Dispel Undead            Necr           0%         3d6       100%        4


Dungeon Overview and Level Annotations

Branches:
Dungeon (3/15)

Altars:

Shops:
D:1 ([:


Innate Abilities, Weirdness & Mutations

((You are very nimble when in or above water. (Stealth+, EV+, Speed+++)))
Your lower body shifts to a powerful aquatic tail in water.


Message History

You are frozen.
* * * LOW HITPOINT WARNING * * *
Okay, then.
Okay, then.
As you read the scroll labelled LAHEMM IFIRID, it crumbles to dust.
A wave of despondency washes over your surroundings.
It was a scroll of vulnerability.
You feel sick. The water moccasin misses you. The endoplasm closely misses you.
The water moccasin misses you.
Okay, then.
As you read the scroll labelled KUD VEUMABUPAB, it crumbles to dust.
It is a scroll of amnesia.
You feel forgetful for a moment.
You feel sick. The endoplasm freezes you.
You are frozen.
* * * LOW HITPOINT WARNING * * *
The water moccasin bites you but does no damage.
It was a potion of attraction.
You feel attractive to monsters.
* * * LOW HITPOINT WARNING * * *
You feel sick. The water moccasin closely misses you.
The endoplasm completely misses you.
It was a potion of degeneration.
There was something very wrong with that liquid.
You feel weakened.
You feel dopey.
You feel clumsy.
* * * LOW HITPOINT WARNING * * *
You feel sick.
You are no longer poisoned.
The water moccasin closely misses you. The endoplasm closely misses you.
The water moccasin misses you.
It was a potion of might.
You feel very mighty all of a sudden. The water moccasin closely misses you.
The endoplasm misses you.
It was a potion of ambrosia.
You are confused.
You feel invigorated.
The water moccasin is no longer blind.
The water moccasin bites you.
* * * LOW HITPOINT WARNING * * *
The endoplasm freezes you.
You are frozen.
You die...

#.##.##.###.####.##
#.##[##.#.........# #.......#
#..#.##.#.#...(.#.# #.......#
#.#..#.......#.# #.......#
#.#.##...##.##.# #.......# ##
#.#.##.####.##.# ##.......#
#.. #.#.....#.##.# ##.......#
#..##....##.#.##.# ##.......#
#..S@....##...##.# ##.......##
###J.....#######.#
'.................>..# #.#
#...########################.#
#...# #.................#
#...# #.#################
#...########.# .............#
########## #...##########
#........######


You could see a water moccasin (weak-willed) and an endoplasm (weak-willed).

Vanquished Creatures
  A bombardier beetle (D:3)
  2 ribbon worms (D:2)
  4 dart slugs
  An orc (D:2)
  4 ball pythons (D:2)
  8 endoplasms
  2 giant cockroaches (D:2)
  4 hobgoblins
  5 kobolds
  2 quokkas
  A bat (D:2)
  4 frilled lizards
  5 goblins
  3 rats
46 creatures vanquished.

Notes
Turn   | Place    | Note
-------+----------+-------------------------------------------
     0 | D:1      | Alarak the Merfolk Gladiator began the quest for the Orb.
     0 | D:1      | Reached XP level 1. HP: 16/16 MP: 1/1
    32 | D:1      | Found Ukuchuont's Antique Weapon Boutique.
    37 | D:1      | Found Qesmiroy's Antique Armour Shoppe.
    42 | D:1      | Found a transporter.
    48 | D:1      | Found Xuedu's Book Shoppe.
    74 | D:1      | Found a transporter.
   212 | D:1      | Reached XP level 2. HP: 16/22 MP: 2/2
   599 | D:1      | Reached skill level 5 in Polearms
   814 | D:2      | You fall into a shaft and drop 1 floor!
   817 | D:3      | Noticed a bombardier beetle
   837 | D:3      | Killed a bombardier beetle
   838 | D:3      | Reached skill level 6 in Polearms
   838 | D:3      | Reached XP level 3. HP: 11/27 MP: 3/3
  1024 | D:3      | Found the +1 cloak of Starlight {*Dazzle EV+4 Stlth--}
  1072 | D:3      | Reached XP level 4. HP: 33/33 MP: 4/4
  1862 | D:2      | Found a faded altar of an unknown god.
  1871 | D:2      | Reached skill level 7 in Polearms
  2312 | D:3      | Noticed a water moccasin
  2323 | D:3      | HP: 1/33 [poisoned by a water moccasin]
  2325 | D:3      | Frozen to death by an endoplasm

Illustrated notes

Levels and vault maps discovered:
D:1:      giann_wishing_wells, layout_rooms, serial_forest,
          infiniplex_forest_lined_3, infiniplex_forest_zigzag_1,
          infiniplex_forest_straight_3, infiniplex_forest_lined_corner,
          infiniplex_forest_end_double, infiniplex_forest_clump_small,
          infiniplex_forest_diagonal, infiniplex_forest_clump_small,
          serial_shops, shop, shop, nicolae_shop_drivethru
D:2:      layout_loops_corners, hellmonk_ecumenical_altar_arch_garden,
          minmay_fractal_squares_5
D:3:      layout_basic

Skill      XL: |  1  2  3  4 |
---------------+-------------+-----
Polearms       | 6 7 |  7.0
Fighting       | |  2.1
Throwing       | |  2.0
Dodging        | |  4.0

Action                     |  1- 3 |  4- 6 || total
---------------------------+-------+-------++-------
  Melee: Trident           |    53 |    94 ||   147
    Use: Potion            |       |     4 ||     4
         Scroll            |       |     2 ||     2
   Stab: Sleeping          |     1 |       ||     1
 Armour: Leather armour    |     3 |       ||     3
         Scale mail        |     6 |    24 ||    30
  Dodge: Dodged            |    14 |    67 ||    81

Table legend: (Time is in decaauts)
 A = Elapsed time spent in this place.
 B = Non-inter-level travel time spent in this place.
 C = Inter-level travel time spent in this place.
 D = Time resting spent in this place.
 E = Time spent auto-exploring this place.
 F = Levels seen in this place.
 G = Mean time per level.
                   A        B        C        D        E       F      G
               +--------+--------+--------+--------+--------+-----+--------+
         Total |   2323 |   2134 |    189 |     95 |   1722 |   3 |  774.3 |
       Dungeon |   2323 |   2134 |    189 |     95 |   1722 |   3 |  774.3 |
               +--------+--------+--------+--------+--------+-----+--------+

Top non-repeatable levels by time:
     D:2: 935 daAuts
     D:1: 769 daAuts
     D:3: 619 daAuts
